 Dungeon Crawl Stone Soup version 0.20.1-1-g8b1a95d (webtiles) character file.

18 digijack the Grasshopper (level 2, -1/26 HPs)
             Began as a Deep Dwarf Warper on Nov 26, 2017.
             Slain by a goblin (2 damage)
             ... on level 1 of the Dungeon.
             The game lasted 00:04:55 (1044 turns).

digijack the Grasshopper (Deep Dwarf Warper)        Turns: 1044, Time: 00:04:56

Health: -1/26      AC:  0    Str: 14    XL:     2   Next: 48%
Magic:  4/4        EV: 12    Int: 13    God:
Gold:   55         SH:  0    Dex: 12    Spells: 3/5 levels left

rFire    . . .     SeeInvis .   a - +0 hand axe
rCold    . . .     Gourm    .   (no shield)
rNeg     . . .     Faith    .   (no armour)
rPois    .         Spirit   .   (no helmet)
rElec    .         Reflect  .   (no cloak)
rCorr    .         Harm     .   (no gloves)
MR       .....                  (no boots)
Stlth    ++........             (no amulet)
Regen    0.0/turn               (no ring)
MPRegen  0.1/turn               (no ring)

@: non-regenerating
A: damage resistance, heal wounds, sense surroundings 1, no regeneration
a: Heal Wounds


You were on level 1 of the Dungeon.
You were hungry.

You visited 1 branch of the dungeon, and saw 1 of its levels.

You collected 55 gold pieces.

Inventory:

Hand Weapons
 a - a +0 hand axe (weapon)
Missiles
 e - 5 tomahawks of dispersal (quivered)
Armour
 h - a +0 robe
Scrolls
 d - a scroll of blinking
Books
 c - a book of Spatial Translocations

   Spells                             Type                      Level
   a - Blink                          Translocation                2
   b - Shroud of Golubria             Charms/Translocation         2
   c - Lesser Beckoning               Translocation                3
   d - Gell's Gravitas                Translocation                3
   e - Teleport Other                 Translocation                3
   f - Passage of Golubria            Translocation                4
Comestibles
 b - a chunk of flesh
 f - 3 bread rations
 g - a meat ration


   Skills:
 - Level 1.7 Fighting
 + Level 2.5 Axes
 - Level 0.8 Throwing
 - Level 1.1 Armour
 + Level 2.5 Dodging
 + Level 1.1 Stealth
 + Level 2.0 Spellcasting
 + Level 3.3 Translocations


You had 3 spell levels left.
You knew the following spells:

 Your Spells              Type           Power        Failure   Level  Hunger
a - Shroud of Golubria    Chrm/Tloc      #.........   19%         2    ###....


Dungeon Overview and Level Annotations

Branches:
Dungeon (1/15)

Altars:


Innate Abilities, Weirdness & Mutations

You are resistant to damage.
You can heal yourself by infusing magical energy.
You passively map a small area around you.
You do not regenerate.


Message History

* * * LOW HITPOINT WARNING * * *
The goblin closely misses you. The goblin misses you. The goblin hits you.
The goblin closely misses you. The goblin closely misses you.
The goblin misses you. The goblin closely misses you. The goblin misses you.
The goblin closely misses you. The goblin barely misses you.
The goblin closely misses you. The goblin hits you.
* * * LOW HITPOINT WARNING * * *
The goblin barely misses you. The goblin hits you.
The goblin barely misses you. The goblin hits you. The goblin hits you.
You die...

####### * #.## * **
* ##..#.. #... , ,
##..#.# * **# #..#
* * ##..#.# #. #..#
#...#.# #.##..#
########## ##.##(#
#.....# #.........
...##.#########.#.#
#.#######.
................g.#
#.# #.
#####..#########@.#
#.# #. #...#.##
##.#.######.# #.
#.#.##.#
#.##........# #.
###.#..#.##
##.########### #.
....#[.#..###..# #.
#####..##..#..## #.
#####..##..#..# #.
.......###...##
###########.
######.# #.<.#
#........รท..


You could see a goblin.

Vanquished Creatures
  3 leopard geckos (D:1)
  A goblin (D:1)
  2 hobgoblins (D:1)
  3 ball pythons (D:1)
  3 bats (D:1)
  A kobold (D:1)
  3 rats (D:1)
16 creatures vanquished.

Notes
Turn   | Place    | Note
-------+----------+-------------------------------------------
     0 | D:1      | digijack the Deep Dwarf Warper began the quest for the Orb.
     0 | D:1      | Reached XP level 1. HP: 19/19 MP: 3/3
   412 | D:1      | Reached XP level 2. HP: 26/26 MP: 5/5
   416 | D:1      | Learned a level 2 spell: Shroud of Golubria
   432 | D:1      | Reached skill level 1 in Stealth
  1039 | D:1      | HP: 1/26 [goblin (3)]
  1044 | D:1      | Slain by a goblin

Skill      XL: |  1  2 |
---------------+-------+-----
Spellcasting   | 2 |  2.0
Stealth        | 1 |  1.1
Fighting       | |  1.7
Axes           | |  2.5
Throwing       | |  0.8
Armour         | |  1.1
Dodging        | |  2.5
Translocations | |  3.3

Action                   || total
-------------------------++-------
Melee: Hand axe          ||    43
 Cast: Shroud of Golubri ||     2
 Abil: Heal Wounds       ||     3
  Use: Potion            ||     2
       Scroll            ||     4
 Stab: Sleeping          ||     1
Armor: Leather armour    ||     3
Dodge: Dodged            ||    68
